Workbook

Sheet 別記様式１_申請書兼実績報告書
AM1: （別記様式第１）
AA3: 令和 | AC3: 8 | AE3: 年 | AH3: 月 | AK3: 日 | AN3: =TODAY() -> 46290
A5: 栃木県知事 | I5: 殿
Q7: （ | R7: 法人名 | X7: ）
Q8: （ | R8: 役職・代表者名 | X8: ）
A10: 令和８年度栃木県障害福祉サービス事業所等に対するサービス継続支援事業費補助金
A11: 交付申請書兼実績報告書
A14: 標記について、下記のとおり障害福祉サービス事業所等に対するサービス継続支援事業を実施したので、。 | B14: 標記について、関係書類を添えて申請するとともに、その実績を報告します。
D16: 申請額（実績額）： | M16: =ROUNDDOWN(様式１_申請額一覧!H31/1000,0) -> 0 | R16: 千円
D18: （内訳）
E19: 1 | F19: 障害福祉サービスを円滑に継続するための事業 | AB19: =ROUNDDOWN(様式１_申請額一覧!I31/1000,0) -> 0 | AG19: 千円
E20: 2 | F20: 災害備蓄等へ対応するための事業 | AB20: =ROUNDDOWN(様式１_申請額一覧!J31/1000,0) -> 0 | AG20: 千円
D26: （添付書類）
E27: 1 | F27: （様式１） | J27: 事業所・施設別申請額（実績額）一覧
E28: 2 | F28: （様式２） | J28: 栃木県障害福祉サービス事業所等に対するサービス継続支援事業に関する
J29: 事業実施計画書兼実績報告書（事業所・施設別）
E30: 3 | F30: （様式３） | J30: 振込口座情報
E31: 4 | F31: 各種経費の支払を証する書類、その他参考となる資料
R37: 【申請内容に関する問い合わせ先】
R39: 法人住所
R40: 担当者所属名
R41: 担当者氏名
R42: 連絡先 | U42: 電話番号
U43: e-mail

Sheet 様式１_申請額一覧
A1: （様式１） 事業所・施設別申請額（実績額）一覧 | H1: =IF(_xlfn.SHEETS()-5=COUNTIF(J7:J24,">0"),"○","！（本表の事業所数と個票の枚数が一致しません）") -> ！（本表の事業所数と個票の枚数が一致しません）
C3: 法人名 | D3: =IF(別記様式１_申請書兼実績報告書!Y7="","",別記様式１_申請書兼実績報告書!Y7)
A5: № | B5: シート名 | C5: 事業所番号 | D5: 事業所・施設名 | E5: 住所 | F5: 電話番号 | G5: 提供サービス | H5: 申請額（実績額） (1)＋(2) | I5: (1)障害福祉サービス等を円滑に継続するための事業 | J5: (2)災害備蓄等へ対応するための事業 | K5: 審査 結果 | M5: チェック H=I+J
A6: =ROW()-5 -> 1 | B6: 様式２_個票 | C6: {=IFERROR(INDIRECT("'"&$B6&"'!ｃ4"),"")} -> 0 | D6: {=IFERROR(INDIRECT("'"&$B6&"'!ｃ5"),"")} -> 0 | E6: {=IFERROR(INDIRECT("'"&$B6&"'!ｃ6"),"")} -> 0 | F6: {=IFERROR(INDIRECT("'"&$B6&"'!ｃ7"),"")} -> 0 | G6: {=IFERROR(INDIRECT("'"&$B6&"'!ｃ8"),"")} -> 0 | H6: {=IFERROR(INDIRECT("'"&$B6&"'!G7"),"")} | I6: {=IFERROR(INDIRECT("'"&$B6&"'!G5"),"")} | J6: {=IFERROR(INDIRECT("'"&$B6&"'!G6"),"")} | M6: =IF(COUNT(H6:J6)<3,"",IF(H6=I6+J6,"OK","NG"))
A7: =ROW()-5 -> 2 | B7: 様式２_個票 (2) | C7: {=IFERROR(INDIRECT("'"&$B7&"'!ｃ4"),"")} | D7: {=IFERROR(INDIRECT("'"&$B7&"'!ｃ5"),"")} | E7: {=IFERROR(INDIRECT("'"&$B7&"'!ｃ6"),"")} | F7: {=IFERROR(INDIRECT("'"&$B7&"'!ｃ7"),"")} | G7: {=IFERROR(INDIRECT("'"&$B7&"'!ｃ8"),"")} | H7: {=IFERROR(INDIRECT("'"&$B7&"'!G7"),"")} | I7: {=IFERROR(INDIRECT("'"&$B7&"'!G5"),"")} | J7: {=IFERROR(INDIRECT("'"&$B7&"'!G6"),"")} | M7: =IF(COUNT(H7:J7)<3,"",IF(H7=I7+J7,"OK","NG"))
A8: =ROW()-5 -> 3 | B8: 様式２_個票 (3) | C8: {=IFERROR(INDIRECT("'"&$B8&"'!ｃ4"),"")} | D8: {=IFERROR(INDIRECT("'"&$B8&"'!ｃ5"),"")} | E8: {=IFERROR(INDIRECT("'"&$B8&"'!ｃ6"),"")} | F8: {=IFERROR(INDIRECT("'"&$B8&"'!ｃ7"),"")} | G8: {=IFERROR(INDIRECT("'"&$B8&"'!ｃ8"),"")} | H8: {=IFERROR(INDIRECT("'"&$B8&"'!G7"),"")} | I8: {=IFERROR(INDIRECT("'"&$B8&"'!G5"),"")} | J8: {=IFERROR(INDIRECT("'"&$B8&"'!G6"),"")} | M8: =IF(COUNT(H8:J8)<3,"",IF(H8=I8+J8,"OK","NG"))
A9: =ROW()-5 -> 4 | B9: 様式２_個票 (4) | C9: {=IFERROR(INDIRECT("'"&$B9&"'!ｃ4"),"")} | D9: {=IFERROR(INDIRECT("'"&$B9&"'!ｃ5"),"")} | E9: {=IFERROR(INDIRECT("'"&$B9&"'!ｃ6"),"")} | F9: {=IFERROR(INDIRECT("'"&$B9&"'!ｃ7"),"")} | G9: {=IFERROR(INDIRECT("'"&$B9&"'!ｃ8"),"")} | H9: {=IFERROR(INDIRECT("'"&$B9&"'!G7"),"")} | I9: {=IFERROR(INDIRECT("'"&$B9&"'!G5"),"")} | J9: {=IFERROR(INDIRECT("'"&$B9&"'!G6"),"")} | M9: =IF(COUNT(H9:J9)<3,"",IF(H9=I9+J9,"OK","NG"))
A10: =ROW()-5 -> 5 | B10: 様式２_個票 (5) | C10: {=IFERROR(INDIRECT("'"&$B10&"'!ｃ4"),"")} | D10: {=IFERROR(INDIRECT("'"&$B10&"'!ｃ5"),"")} | E10: {=IFERROR(INDIRECT("'"&$B10&"'!ｃ6"),"")} | F10: {=IFERROR(INDIRECT("'"&$B10&"'!ｃ7"),"")} | G10: {=IFERROR(INDIRECT("'"&$B10&"'!ｃ8"),"")} | H10: {=IFERROR(INDIRECT("'"&$B10&"'!G7"),"")} | I10: {=IFERROR(INDIRECT("'"&$B10&"'!G5"),"")} | J10: {=IFERROR(INDIRECT("'"&$B10&"'!G6"),"")} | M10: =IF(COUNT(H10:J10)<3,"",IF(H10=I10+J10,"OK","NG"))
A11: =ROW()-5 -> 6 | B11: 様式２_個票 (6) | C11: {=IFERROR(INDIRECT("'"&$B11&"'!ｃ4"),"")} | D11: {=IFERROR(INDIRECT("'"&$B11&"'!ｃ5"),"")} | E11: {=IFERROR(INDIRECT("'"&$B11&"'!ｃ6"),"")} | F11: {=IFERROR(INDIRECT("'"&$B11&"'!ｃ7"),"")} | G11: {=IFERROR(INDIRECT("'"&$B11&"'!ｃ8"),"")} | H11: {=IFERROR(INDIRECT("'"&$B11&"'!G7"),"")} | I11: {=IFERROR(INDIRECT("'"&$B11&"'!G5"),"")} | J11: {=IFERROR(INDIRECT("'"&$B11&"'!G6"),"")} | M11: =IF(COUNT(H11:J11)<3,"",IF(H11=I11+J11,"OK","NG"))
A12: =ROW()-5 -> 7 | B12: 様式２_個票 (7) | C12: {=IFERROR(INDIRECT("'"&$B12&"'!ｃ4"),"")} | D12: {=IFERROR(INDIRECT("'"&$B12&"'!ｃ5"),"")} | E12: {=IFERROR(INDIRECT("'"&$B12&"'!ｃ6"),"")} | F12: {=IFERROR(INDIRECT("'"&$B12&"'!ｃ7"),"")} | G12: {=IFERROR(INDIRECT("'"&$B12&"'!ｃ8"),"")} | H12: {=IFERROR(INDIRECT("'"&$B12&"'!G7"),"")} | I12: {=IFERROR(INDIRECT("'"&$B12&"'!G5"),"")} | J12: {=IFERROR(INDIRECT("'"&$B12&"'!G6"),"")} | M12: =IF(COUNT(H12:J12)<3,"",IF(H12=I12+J12,"OK","NG"))
A13: =ROW()-5 -> 8 | B13: 様式２_個票 (8) | C13: {=IFERROR(INDIRECT("'"&$B13&"'!ｃ4"),"")} | D13: {=IFERROR(INDIRECT("'"&$B13&"'!ｃ5"),"")} | E13: {=IFERROR(INDIRECT("'"&$B13&"'!ｃ6"),"")} | F13: {=IFERROR(INDIRECT("'"&$B13&"'!ｃ7"),"")} | G13: {=IFERROR(INDIRECT("'"&$B13&"'!ｃ8"),"")} | H13: {=IFERROR(INDIRECT("'"&$B13&"'!G7"),"")} | I13: {=IFERROR(INDIRECT("'"&$B13&"'!G5"),"")} | J13: {=IFERROR(INDIRECT("'"&$B13&"'!G6"),"")} | M13: =IF(COUNT(H13:J13)<3,"",IF(H13=I13+J13,"OK","NG"))
A14: =ROW()-5 -> 9 | B14: 様式２_個票 (9) | C14: {=IFERROR(INDIRECT("'"&$B14&"'!ｃ4"),"")} | D14: {=IFERROR(INDIRECT("'"&$B14&"'!ｃ5"),"")} | E14: {=IFERROR(INDIRECT("'"&$B14&"'!ｃ6"),"")} | F14: {=IFERROR(INDIRECT("'"&$B14&"'!ｃ7"),"")} | G14: {=IFERROR(INDIRECT("'"&$B14&"'!ｃ8"),"")} | H14: {=IFERROR(INDIRECT("'"&$B14&"'!G7"),"")} | I14: {=IFERROR(INDIRECT("'"&$B14&"'!G5"),"")} | J14: {=IFERROR(INDIRECT("'"&$B14&"'!G6"),"")} | M14: =IF(COUNT(H14:J14)<3,"",IF(H14=I14+J14,"OK","NG"))
A15: =ROW()-5 -> 10 | B15: 様式２_個票 (10) | C15: {=IFERROR(INDIRECT("'"&$B15&"'!ｃ4"),"")} | D15: {=IFERROR(INDIRECT("'"&$B15&"'!ｃ5"),"")} | E15: {=IFERROR(INDIRECT("'"&$B15&"'!ｃ6"),"")} | F15: {=IFERROR(INDIRECT("'"&$B15&"'!ｃ7"),"")} | G15: {=IFERROR(INDIRECT("'"&$B15&"'!ｃ8"),"")} | H15: {=IFERROR(INDIRECT("'"&$B15&"'!G7"),"")} | I15: {=IFERROR(INDIRECT("'"&$B15&"'!G5"),"")} | J15: {=IFERROR(INDIRECT("'"&$B15&"'!G6"),"")} | M15: =IF(COUNT(H15:J15)<3,"",IF(H15=I15+J15,"OK","NG"))
A16: =ROW()-5 -> 11 | B16: 様式２_個票 (11) | C16: {=IFERROR(INDIRECT("'"&$B16&"'!ｃ4"),"")} | D16: {=IFERROR(INDIRECT("'"&$B16&"'!ｃ5"),"")} | E16: {=IFERROR(INDIRECT("'"&$B16&"'!ｃ6"),"")} | F16: {=IFERROR(INDIRECT("'"&$B16&"'!ｃ7"),"")} | G16: {=IFERROR(INDIRECT("'"&$B16&"'!ｃ8"),"")} | H16: {=IFERROR(INDIRECT("'"&$B16&"'!G7"),"")} | I16: {=IFERROR(INDIRECT("'"&$B16&"'!G5"),"")} | J16: {=IFERROR(INDIRECT("'"&$B16&"'!G6"),"")} | M16: =IF(COUNT(H16:J16)<3,"",IF(H16=I16+J16,"OK","NG"))
A17: =ROW()-5 -> 12 | B17: 様式２_個票 (12) | C17: {=IFERROR(INDIRECT("'"&$B17&"'!ｃ4"),"")} | D17: {=IFERROR(INDIRECT("'"&$B17&"'!ｃ5"),"")} | E17: {=IFERROR(INDIRECT("'"&$B17&"'!ｃ6"),"")} | F17: {=IFERROR(INDIRECT("'"&$B17&"'!ｃ7"),"")} | G17: {=IFERROR(INDIRECT("'"&$B17&"'!ｃ8"),"")} | H17: {=IFERROR(INDIRECT("'"&$B17&"'!G7"),"")} | I17: {=IFERROR(INDIRECT("'"&$B17&"'!G5"),"")} | J17: {=IFERROR(INDIRECT("'"&$B17&"'!G6"),"")} | M17: =IF(COUNT(H17:J17)<3,"",IF(H17=I17+J17,"OK","NG"))
... A30: =ROW()-5 -> 25 | B30: 様式２_個票 (25) | C30: {=IFERROR(INDIRECT("'"&$B30&"'!ｃ4"),"")} | D30: {=IFERROR(INDIRECT("'"&$B30&"'!ｃ5"),"")} | E30: {=IFERROR(INDIRECT("'"&$B30&"'!ｃ6"),"")} | F30: {=IFERROR(INDIRECT("'"&$B30&"'!ｃ7"),"")} | G30: {=IFERROR(INDIRECT("'"&$B30&"'!ｃ8"),"")} | H30: {=IFERROR(INDIRECT("'"&$B30&"'!G7"),"")} | I30: {=IFERROR(INDIRECT("'"&$B30&"'!G5"),"")} | J30: {=IFERROR(INDIRECT("'"&$B30&"'!G6"),"")} | M30: =IF(COUNT(H30:J30)<3,"",IF(H30=I30+J30,"OK","NG"))
A31: 合計 | H31: =SUM(H6:H30) -> 0 | I31: =SUM(I6:I30) -> 0 | J31: =SUM(J6:J30) -> 0 | K31: =IF(COUNTA(K6:K30)=0,"",IF(COUNTIF(H6:H30,">0")=COUNTIFS(H6:H30,">0",K6:K30,"○"),"OK","NG")) | M31: =IF(COUNT(H31:J31)<3,"",IF(H31=I31+J31,"OK","NG")) -> OK
N32: =VLOOKUP(G32,#REF!,6,FALSE) -> #REF!
N33: =VLOOKUP(G33,#REF!,6,FALSE) -> #REF!
N34: =VLOOKUP(G34,#REF!,6,FALSE) -> #REF!
N35: =VLOOKUP(G35,#REF!,6,FALSE) -> #REF!
N36: =VLOOKUP(G36,#REF!,6,FALSE) -> #REF!
N37: =VLOOKUP(G37,#REF!,6,FALSE) -> #REF!
N38: =VLOOKUP(G38,#REF!,6,FALSE) -> #REF!
N39: =VLOOKUP(G39,#REF!,6,FALSE) -> #REF!
N40: =VLOOKUP(G40,#REF!,6,FALSE) -> #REF!
N41: =VLOOKUP(G41,#REF!,6,FALSE) -> #REF!
N42: =VLOOKUP(G42,#REF!,6,FALSE) -> #REF!
N43: =VLOOKUP(G43,#REF!,6,FALSE) -> #REF!
... N49: =VLOOKUP(G49,#REF!,6,FALSE) -> #REF!

Sheet 様式２_個票
A1: （様式２） 障害福祉サービス事業所等に対するサービス継続支援事業に関する事業実施計画書兼実績報告書（事業所・施設別）
A3: 1 | B3: 事業所・施設概要 | E3: 〈交付額の算定〉
B4: 事業所番号 | F4: 実績額（円） | G4: 申請額（円）
B5: 事業所・施設名 | E5: (1)サービス円滑継続 | F5: =SUMIF(B13:B32,E5,F13:F32) -> 0 | G5: =IF(G7<>"",IF(G7=F8,ROUNDDOWN(G7*F5/F7,-3),ROUNDDOWN(F5,-3)),"")
B6: 住所 | E6: (2)災害備蓄 | F6: =SUMIF(B13:B32,E6,F13:F32) -> 0 | G6: =IF(G7<>"",IF(G7=F8,G7-G5,ROUNDDOWN(F7,-3)-G5),"")
B7: 電話番号 | E7: 合計 | F7: =F33 -> 0 | G7: =IF(AND(C8<>"",F33<>""),MIN(ROUNDDOWN(F7,-3),F8),"")
B8: 提供サービス | D8: ➔ | E8: ※基準単価（円） | F8: =IF(C8<>"",IF(C9<>"",6000*C9,200000),"")
B9: 定員数※入所系のみ入力
A11: 2 | B11: 事業実施内容
A12: № | B12: 事業区分 | C12: 購入した物品等 | D12: 数量 | E12: 単価（円） | F12: 金額（円）※ | G12: 科目 | H12: 備考
A13: 1
A14: 2
A15: 3
A16: 4
A17: 5
A18: 6
A19: 7
A20: 8
A21: 9
A22: 10
A23: 11
A24: 12
... A32: 20
B33: 合計 | F33: =SUM(F13:F32) -> 0
A34: ※ | B34: 消費税及び地方消費税を除いた額を記入してください。
A36: 3 | B36: 事業実施期間
B37: 着手年月日
B38: 完了年月日
A40: 4 | B40: 事業成果

Sheet 様式３_振込口座情報
A1: （様式３） 振込口座情報 | AR1: <記載例＞ | AU1: 様式４（振込口座情報）
AH2: 46218 | AP2: 提出 | CB2: 年 月 日 提出
AK4: 枚中 枚 | CE4: 枚中 枚
AK5: 点検者 | AN5: 記入者 | CE5: 点検者 | CH5: 記入者
A7: 栃 木 県 知 事 様 | AU7: 栃 木 県 知 事 様
S8: 住 所 | BM8: 住 所 | BQ8: 栃木県宇都宮市塙田１－１－20
S10: 法 人 名 | W10: =別記様式１_申請書兼実績報告書!AA7 -> 0 | BM10: 法 人 名 | BQ10: 社会福祉法人○○会
B11: 次のとおり申請します。 | S11: 代表者名 | W11: =別記様式１_申請書兼実績報告書!AA8&" "&別記様式１_申請書兼実績報告書!AE8 | AV11: 次のとおり申請します。 | BM11: 代表者名 | BQ11: 理事長 栃木 太郎
A13: データ区分 | D13: 処 理 区 分 | R13: 債 権 債 務 者 コ ー ド | AG13: ※色つき部分を入力してください。 | AU13: データ区分 | AX13: 処 理 区 分 | BL13: 債 権 債 務 者 コ ー ド | CA13: ※色つき部分を入力してください。
E14: □ １：新規 □ ２：変更 □ ３：取消 | AG14: ※口座名義の分かる書類（通帳の | AY14: □ １：新規 □ ２：変更 □ ３：取消
A15: 4 | B15: 0 | C15: 1 | AG15: 写し等）を添付してください。 | AU15: 4 | AV15: 0 | AW15: 1
A17: Ｃ＃ | C17: 取 扱 機 関 | T17: 電話番号 市外局番から記入し局番の後に「－」記入 | AG17: 住所コード | AU17: Ｃ＃ | AW17: 取 扱 機 関 | BN17: 電話番号 市外局番から記入し局番の後に「－」記入 | CA17: 住所コード
X18: - | AB18: - | BN18: 028 | BR18: - | BS18: 623 | BV18: - | BW18: 3149
A19: 0 | B19: 1 | AU19: 0 | AV19: 1
C20: 郵便番号 | H20: 都道府県名 | R20: 市 郡 名 | Z20: 区 町 村 名 | AI20: 大字・字・町・丁名（全角） | AW20: 郵便番号 | BB20: 都道府県名 | BL20: 市 郡 名 | BT20: 区 町 村 名 | CC20: 大字・字・町・丁名
E21: - | H21: 漢字 | P21: 県 | Y21: 市 | AG21: 町 | AW21: 320 | AY21: - | AZ21: 8501 | BB21: 漢字 | BC21: 栃木 | BJ21: 県 | BL21: 宇都宮 | BS21: 市 | CA21: 区 町村 | CC21: 塙田１丁目
C22: 【番 地】〈全角〉 番地を記入してください。《例》１－２０ | AW22: 【番 地】〈漢字〉 番地を記入してください。《例》１－１－２０
AW23: １－２０
C25: 【方 書】〈全角〉 ビル名、アパート名を記入してください。 | AW25: 【方 書】〈漢字〉 ビル名、アパート名を記入してください。
AW26: ○○ビル○○○号室
A28: Ｃ＃ | C28: 【法人名又は屋号】上段：〈カナ〉下段〈漢字〉 法人等について、該当する場合、別記《略号》により記入してください。 | AU28: Ｃ＃ | AW28: 【法人名又は屋号】上段：〈カナ〉下段〈漢字〉 法人等について、該当する場合、別記《略号》により記入してください。
AW29: ｼｬｶｲﾌｸｼﾎｳｼﾞﾝ○○ｶｲ
A30: 0 | B30: 2 | AU30: 0 | AV30: 2
C31: =DBCS(別記様式１_申請書兼実績報告書!AA7) | AW31: 社会福祉法人○○会
A33: Ｃ＃ | C33: 【代表者職氏名又は個人名】上段：〈カナ〉下段〈漢字〉 姓と名の間は１字空けていただき、法人の場合、代表者の役職名及び氏名の間を１字空けて記入してください。 | AU33: Ｃ＃ | AW33: 【代表者職氏名又は個人名】上段：〈カナ〉下段〈漢字〉 姓と名の間は１字空けていただき、法人の場合、代表者の役職名及び氏名の間を１字空けて記入してください。
AW34: ﾘｼﾞﾁｮｳ ﾄﾁｷﾞ ﾀﾛｳ
A35: 0 | B35: 3 | AU35: 0 | AV35: 3
C36: =DBCS(別記様式１_申請書兼実績報告書!AA8&" "&別記様式１_申請書兼実績報告書!AE8) | AW36: 理事長 栃木 太郎
A39: Ｃ＃ | C39: 受領 方法 | G39: □１：直接払 □２：口座振替払 □３：送金払 | AU39: Ｃ＃ | AW39: 受領 方法 | BA39: □１：直接払 □２：口座振替払 □３：送金払
G40: □４：管外送金 □５：納付書払 | BA40: □４：管外送金 □５：納付書払
A41: 0 | B41: 4 | C41: 通常払（振込先） | D41: 金融機関コード | I41: 店番 | L41: 預金種別（プルダウンから選択） | Z41: 金 融 機 関 名 | AI41: 店 舗 名 | AU41: 0 | AV41: 4 | AW41: 通常払（振込先） | AX41: 金融機関コード | BC41: 店番 | BF41: 預金種別（プルダウンから選択） | BT41: 金 融 機 関 名 | CC41: 店 舗 名
M42: １ 普 通 | AG42: 銀行 | AO42: 支 店 | AX42: 1234 | BC42: 567 | BG42: １ 普 通 | BT42: ○○ | CA42: 銀行 | CC42: ○○ | CI42: 支 店
D44: 口座番号（右詰め記入） | K44: 口座名義人 〈カナ〉 通帳や当該金融機関に確認して記入してください。（３０文字まで記入） | AX44: 口座番号（右詰め記入） | BE44: 口座名義人 〈カナ〉 通帳や当該金融機関に確認して記入してください。（３０文字まで記入）
AX45: 1234567 | BE45: ﾌｸ)○○ｶｲ ﾘｼﾞ ﾁﾖｳ ﾄﾁｷﾞ ﾀﾛｳ
B48: 【公共工事の前払金の預託金融機関】建設業保証会社の前金保証に基づく前金を受領する場合の預託金融機関を該当者のみ記入してください。※（建設関連業者が該当します。） | AV48: 【公共工事の前払金の預託金融機関】建設業保証会社の前金保証に基づく前金を受領する場合の預託金融機関を該当者のみ記入してください。※（建設関連業者が該当します。）
C49: 前金払（別口） | D49: 金融機関コード | I49: 店番 | L49: 預 金 種 別 （該当番号を○で囲む） | Z49: 金 融 機 関 名 | AI49: 店 舗 名 | AW49: 前金払（別口） | AX49: 金融機関コード | BC49: 店番 | BF49: 預 金 種 別 （該当番号を○で囲む） | BT49: 金 融 機 関 名 | CC49: 店 舗 名
M50: （別口） 普 通 預 金 | AG50: 銀行 金庫 組合 | AO50: 支 店 支 社 出張所 | BG50: （別口） 普 通 預 金 | CA50: 銀行 金庫 組合 | CI50: 支 店 支 社 出張所
D52: 口座番号（右詰め記入） | K52: 口座名義人 〈カナ〉 通帳や当該金融機関に確認して記入してください。（３０文字まで記入） | AX52: 口座番号（右詰め記入） | BE52: 口座名義人 〈カナ〉 通帳や当該金融機関に確認して記入してください。（３０文字まで記入）

Sheet 様式４_請求書
A1: （様式４）
E4: 令和８年度栃木県障害福祉サービス事業所等に対するサービス継続支援事業費補助金交付請求書
J8: 0
I9: 金 | U9: 円
F13: 年 | J13: 月 | N13: 日 | O13: 付け栃木県指令障第 | AE13: 号
C14: で交付決定のあった令和８年度栃木県障害福祉サービス事業所等に対するサービス継続支援事業費補助金を上記のとおり交付されるよう栃木県補助金等交付規則第18条の規定により請求します。
F21: 年 | J21: 月 | N21: 日
C25: 栃木県知事 | N25: 様
N28: 〔請求者〕 | R28: 住 所 | W28: 0
R29: 氏名又は名称 | W29: 0
R30: 及び代表者名 | W30: 0 | AA30: 0
J33: （※） | N33: 振込銀行・支店名：
L34: 金融機関コード・支店コード：
Q35: 口座名義：
Q36: 預金種別：
Q37: 口座番号：
P38: ※交付申請時に提出した「（様式3）振込口座情報」に変更があった場合のみ記入してください。
B42: 【添付書類】
C43: ・ | D43: 額の確定通知書の写し
C44: ・ | D44: 口座名義が分かる通帳等の写し（口座に変更があった場合のみ）
B47: 【代表者印の押印を省略する場合は下記の記載をお願いします】
B48: 発行者
B50: 発行責任者 | L50: 連絡先 | V50: E-mail
F51: 0 | O51: 0 | Y51: 0
B53: 担当者 | L53: 連絡先 | V53: E-mail
F54: 0 | O54: 0 | Y54: 0
B56: ※ 発行者(発行責任者)及び担当者の氏名(フルネーム)、連絡先電話番号、メールアドレス
B57: の記載が必要です。
B58: ※ 発行責任者と担当者は同一人物でも差し支えありません。

Sheet リスト
B1: 提供サービス
A2: 訪問系サービス事業所 | B2: 居宅介護
B3: 重度訪問介護
B4: 同行援護
B5: 行動援護
B6: 自立生活援助
B7: 重度障害者等包括支援
B8: 居宅訪問型児童発達支援
B9: 保育所等訪問支援
A10: 通所系サービス事業所 | B10: 療養介護
B11: 生活介護
B12: 自立訓練（機能訓練）
B13: 自立訓練（生活訓練）
B14: 就労選択支援
B15: 就労移行支援
B16: 就労継続支援Ａ型
B17: 就労継続支援Ｂ型
B18: 就労定着支援
B19: 自立生活援助
B20: 児童発達支援※児童発達支援センターを含む
B21: 放課後等デイサービス
A22: 入所系サービス事業所 | B22: 施設入所支援
B23: 共同生活援助
B24: 短期入所
B25: 宿泊型自立支援
B26: 福祉型障害児入所施設
B27: 医療型障害児入所施設
A28: 相談系サービス事業所 | B28: 一般相談支援
B29: 特定相談支援
B30: 障害児相談支援
